Map: Overgrowth LE (Void)

Players

Joxer - Winner!

  • Race: Protoss Protoss
  • League: Diamond
  • Spawn Location: 7:00

Musumeci

  • Race: Zerg Zerg
  • League: Diamond
  • Spawn Location: 1:00

VOD

Have the link to the VOD?

Description

Time

  • Played on: Dec. 22, 2016, 11:31 a.m.
  • Length: 18:07
Show
View Real Time Build Order
Export as new Build Order

Joxer Protoss - Winner!

Build Orders:  

Get SALT Encoding   

  12  0:01  Probe (Chrono Boost)  
  13  0:11  Probe (Chrono Boost)  
  14  0:18  Pylon  
  14  0:22  Probe (Chrono Boost)  
  15  0:36  Probe (Chrono Boost)  
  16  0:47  Probe (Chrono Boost)  
  17  0:58  Probe (Chrono Boost)  
  18  1:06  Nexus  
  18  1:09  Probe (Chrono Boost)  
  19  1:19  Probe (Chrono Boost)  
  19  1:22  Gateway  
  20  1:30  Assimilator, Probe (Chrono Boost)  
  21  1:35  Pylon  
  21  1:40  Probe (Chrono Boost)  
  22  1:47  Assimilator  
  22  1:51  Probe (Chrono Boost)  
  23  2:01  Probe (Chrono Boost)  
  23  2:07  Gateway  
  24  2:10  Cybernetics Core  
  24  2:12  Probe (Chrono Boost)  
  25  2:19  Probe (Chrono Boost)  
  27  2:22  Probe (Chrono Boost)  
  27  2:26  Gateway  
  27  2:32  Pylon  
  27  2:36  Probe (Chrono Boost)  
  28  2:38  Probe (Chrono Boost)  
  29  2:46  Probe (Chrono Boost)  
  29  2:48  Probe (Chrono Boost)  
  29  2:49  Adept  
  29  2:51  Warp Gate  
  33  2:57  Probe (Chrono Boost)  
  34  2:59  Probe (Chrono Boost)  
  34  3:03  Pylon  
  35  3:09  Mothership Core (Chrono Boost)  
  37  3:14  Probe (Chrono Boost)  
  38  3:22  Adept x2  
  38  3:25  Probe (Chrono Boost)  
  38  3:26  Adept  
  45  3:27  Probe (Chrono Boost)  
  46  3:35  Probe (Chrono Boost)  
  46  3:38  Probe (Chrono Boost)  
  48  3:45  Pylon  
  48  3:46  Probe (Chrono Boost)  
  50  3:48  Probe (Chrono Boost)  
  50  3:55  Pylon  
  50  3:56  Probe (Chrono Boost)  
  50  4:00  Assimilator, Probe (Chrono Boost)  
  52  4:04  Assimilator  
  52  4:07  Robotics Facility, Probe (Chrono Boost)  
  53  4:12  Pylon  
  53  4:21  Pylon  
  53  4:34  Gateway  
  52  4:43  Probe (Chrono Boost)  
  52  4:44  Probe (Chrono Boost)  
  54  4:55  Adept x3  
  54  4:56  Probe (Chrono Boost)  
  55  5:09  Adept x3  
  61  5:26  Nexus  
  61  5:28  Pylon  
  61  5:29  Pylon x2  
  61  5:31  Pylon  
  61  5:36  Robotics Bay  
  61  5:37  Assimilator  
  61  5:41  Assimilator  
  61  5:46  Adept x2, Immortal  
  61  5:47  Adept x2  
  73  5:55  Pylon  
  73  5:57  Pylon  
  73  6:07  Stalker x4  
  80  6:17  Probe (Chrono Boost)  
  82  6:19  Probe (Chrono Boost)  
  82  6:21  Pylon  
  82  6:25  Pylon, Immortal  
  82  6:28  Forge  
  82  6:30  Forge  
  82  6:31  Probe (Chrono Boost)  
  75  6:59  Probe x2 (Chrono Boost)  
  75  7:00  Probe (Chrono Boost)  
  74  7:06  Immortal  
  72  7:10  Stalker x4  
  72  7:12  Probe (Chrono Boost)  
  72  7:14  Probe x2 (Chrono Boost)  
  83  7:16  Protoss Ground Weapons Level 1  
  83  7:17  Protoss Ground Armor Level 1  
  84  7:24  Probe (Chrono Boost)  
  84  7:33  Sentry x2  
  84  7:34  Sentry x2  
  92  7:38  Photon Cannon  
  92  7:39  Photon Cannon  
  92  7:41  Gateway  
  92  7:42  Gateway  
  92  7:45  Pylon, Immortal  
  92  7:46  Probe x2 (Chrono Boost)  
  92  7:47  Probe (Chrono Boost)  
  99  7:58  Probe x2 (Chrono Boost)  
  102  7:59  Probe (Chrono Boost)  
  102  8:03  Adept x4  
  108  8:25  Immortal  
  112  8:27  Twilight Council  
  112  8:32  Stalker x4  
  120  8:49  Photon Cannon  
  120  8:50  Stalker x2, Photon Cannon  
  124  9:10  Nexus  
  124  9:12  Pylon x2  
  124  9:14  Pylon, Protoss Ground Weapons Level 2  
  124  9:17  Assimilator  
  124  9:19  Disruptor  
  124  9:22  Zealot x2  
  124  9:23  Assimilator  
  131  9:29  Probe (Chrono Boost)  
  131  9:30  Probe (Chrono Boost)  
  131  9:31  Probe (Chrono Boost)  
  134  9:35  Photon Cannon  
  134  9:36  Photon Cannon  
  134  9:41  Photon Cannon  
  134  9:42  Photon Cannon  
  134  9:43  Dark Shrine  
  134  9:45  Blink  
  134  9:48  Pylon  
  134  9:50  Pylon  
  134  9:53  Probe x2 (Chrono Boost)  
  134  9:55  Probe (Chrono Boost)  
  134  9:59  Disruptor  
  138  10:13  Robotics Facility  
  125  10:22  Stalker x4  
  125  10:23  Stalker x2  
  122  10:54  Stalker  
  122  10:55  Stalker x3  
  126  11:06  Immortal  
  126  11:07  Immortal  
  126  11:10  Robotics Bay  
  134  11:21  Gateway  
  134  11:23  Dark Templar x4  
  134  11:24  Gateway  
  142  11:26  Gateway  
  142  11:27  Gateway  
  142  11:30  Protoss Ground Armor Level 2  
  118  11:56  Dark Templar  
  118  11:57  Dark Templar x2  
  124  12:08  Disruptor x2  
  130  12:20  Probe (Chrono Boost)  
  131  12:26  Archon x3  
  131  12:29  Dark Templar  
  133  12:31  Probe (Chrono Boost)  
  133  12:35  Pylon  
  133  12:36  Pylon  
  134  12:41  Probe (Chrono Boost)  
  134  12:43  Dark Templar  
  137  12:44  Disruptor x2, Dark Templar  
  137  12:45  Dark Templar x4  
  153  12:52  Probe (Chrono Boost)  
  152  13:03  Probe (Chrono Boost)  
  152  13:08  Photon Cannon  
  152  13:09  Pylon  
  152  13:16  Dark Templar x2  
  152  13:17  Dark Templar x5  
  152  13:18  Dark Templar  
  161  13:40  Archon x4  
  161  13:41  Archon  
  157  13:44  Disruptor x2  
  157  13:47  Protoss Ground Armor Level 3, Protoss Ground Weapons Level 3  
  163  13:54  Nexus  
  163  13:57  Pylon  
  163  14:00  Pylon  
  163  14:01  Pylon  
  163  14:03  Stargate x2  
  163  14:06  Pylon  
  163  14:07  Stargate  
  163  14:09  Pylon  
  163  14:10  Stargate  
  163  14:15  Assimilator  
  163  14:18  Assimilator  
  161  14:35  Photon Cannon  
  161  14:38  Photon Cannon  
  160  14:56  Dark Templar x6  
  160  14:57  Dark Templar x2  
  176  15:04  Probe (Chrono Boost)  
  176  15:05  Probe x2 (Chrono Boost)  
  176  15:06  Probe (Chrono Boost), Colossus  
  176  15:07  Colossus  
  192  15:16  Void Ray x2  
  196  15:39  Dark Templar  
  196  15:40  Dark Templar x5  
  196  16:24  Void Ray  
  196  16:53  Void Ray x3  
  200  17:07  Photon Cannon  
  200  17:09  Photon Cannon  
  200  17:11  Photon Cannon  
  200  17:12  Photon Cannon  
  200  17:14  Photon Cannon  
Show
View Real Time Build Order
Export as new Build Order

Musumeci Zerg 

Build Orders: Hatch First 

Get SALT Encoding   

  12  0:03  Drone  
  13  0:10  Drone  
  14  0:14  Extractor  
  14  0:15  Drone  
  15  0:40  Hatchery  
  14  0:52  Extractor  
  14  0:53  Drone  
  14  0:54  Extractor  
  14  0:55  Drone  
  16  1:11  Spawning Pool, Extractor  
  14  1:29  Overlord  
  14  1:47  Drone x3  
  14  1:52  Drone  
  18  1:57  Queen  
  18  2:00  Drone  
  21  2:08  Queen  
  21  2:12  Drone  
  21  2:15  Drone  
  25  2:25  Metabolic Boost  
  25  2:31  Drone x3  
  25  2:35  Overlord  
  28  2:57  Drone  
  28  2:58  Drone x4  
  33  3:05  Zergling x2  
  34  3:07  Zergling x2  
  35  3:18  Drone  
  35  3:19  Overlord x2  
  36  3:37  Drone x6  
  42  3:52  Hatchery, Extractor  
  42  3:54  Overlord  
  41  4:14  Extractor  
  41  4:16  Roach Warren  
  39  4:19  Lair  
  39  4:22  Evolution Chamber  
  39  4:23  Drone, Extractor  
  39  4:24  Drone x8, Extractor  
  45  4:39  Zergling x10  
  46  5:11  Roach x7  
  60  5:25  Zergling x10  
  64  5:46  Roach  
  64  5:47  Roach  
  63  6:06  Hatchery  
  63  6:11  Roach x2  
  64  6:12  Overlord x2  
  64  6:13  Overlord x2  
  64  6:14  Glial Reconstitution  
  64  6:15  Zerg Missile Weapons Level 1  
  62  6:27  Extractor  
  62  6:31  Extractor  
  60  6:37  Roach  
  60  6:38  Roach x15  
  90  6:53  Ravager  
  90  7:02  Drone  
  90  7:03  Drone x6  
  97  7:09  Overlord  
  97  7:19  Drone x6  
  97  7:22  Overlord x4  
  103  7:28  Ravager  
  103  7:29  Ravager x2  
  106  7:30  Ravager x3  
  106  7:31  Ravager  
  106  7:34  Ravager  
  111  7:52  Drone x8  
  111  7:55  Extractor  
  101  8:27  Extractor  
  100  8:31  Queen  
  103  8:34  Ravager x7  
  103  8:35  Ravager x2  
  103  8:36  Roach  
  103  8:37  Roach x14  
  141  8:42  Drone  
  141  8:43  Queen  
  144  8:48  Overlord  
  144  8:50  Overlord x2  
  139  9:12  Roach  
  139  9:13  Roach x11  
  163  9:26  Overlord x4  
  163  9:29  Ravager x5  
  168  9:33  Zerg Melee Weapons Level 1  
  168  9:36  Evolution Chamber  
  168  9:37  Zergling x2  
  168  9:39  Overlord  
  168  9:40  Baneling Nest  
  168  9:43  Drone  
  168  9:45  Drone x4  
  172  9:48  Ravager x5  
  172  9:49  Ravager  
  178  9:58  Ravager x6  
  178  9:59  Overseer  
  184  10:02  Overseer  
  151  10:48  Zergling x20  
  151  10:49  Zergling x22  
  134  10:54  Roach x7  
  134  10:55  Roach x5  
  151  11:08  Drone x2  
  151  11:09  Drone  
  151  11:10  Ravager x3  
  126  11:58  Overseer  
  107  12:04  Roach x7  
  107  12:05  Roach x13  
  107  12:08  Overseer x2  
  147  12:13  Zergling x8  
  147  12:14  Zergling x12  
  157  12:20  Overseer  
  157  12:26  Spine Crawler x2  
  157  12:27  Spine Crawler  
  154  12:40  Ravager x16  
  154  12:41  Ravager x4  
  154  12:42  Roach x4  
  154  12:43  Roach x2  
  176  13:12  Overseer  
  176  13:27  Extractor  
  174  13:28  Hatchery  
  106  13:40  Roach  
  106  13:41  Roach x11  
  130  13:51  Overseer  
  130  13:52  Overseer  
  130  14:04  Spine Crawler  
  130  14:05  Spine Crawler  
  130  14:07  Drone x9  
  130  14:09  Ravager x11  
  150  14:10  Ravager x2  
  132  15:04  Infestation Pit, Zergling x42  
  152  15:07  Zerg Melee Weapons Level 2  
  152  15:09  Zerg Missile Weapons Level 2  
  152  15:15  Drone x6  
  158  15:35  Hatchery, Extractor  
  156  15:37  Extractor  
  151  15:44  Hatchery  
  150  15:51  Extractor  
  150  15:53  Spine Crawler  
  150  15:54  Spine Crawler  
  150  15:56  Pathogen Glands  
  145  16:07  Hatchery  
  141  16:30  Overseer  
  141  16:31  Overlord x3  
  140  16:56  Infestor x10  
  159  17:21  Baneling Nest  
Tags
 
Add a new tag
Caveats
  • Supply blocks, unpowered buildings, or Contaminate may cause inaccurate times.
  • Supply counts are checked every 10 seconds.